Match 45788727
Unlisted

Match 45788727
End
Kradschützen Motorcycle Team
Panzerpioneer Squad
250 Light Carrier
250 Light Carrier
Construct Light Support Kompanie
Combat Half-tracks
Selects Armored Support Battlegroup
Selects Superior Fire Drills
Fire Support Elements
Panzerjäger Mechanized Group
Vehicle Survival Package
Advanced Field Repairs
Selects Salvage Kits
Construct Panzerarmee Kommand
Panzer III L Medium Tank
Tungsten Core Ammunition
Emergency Repair Kits
Panzer III L Medium Tank
Advanced Optics
Selects Panzer Storm
Panzer III L Medium Tank
Rapid Advance
Panzer III L Medium Tank
Selects Stuka Anti-tank Loiter
Panzer III L Medium Tank
Selects Flammpanzer III Medium Tank
Armored Reserves
Stuka Anti-tank Loiter
Panzer III Assault Group
Panzer Storm
Panzer III L Medium Tank
Selects Command Panzer IV F Medium Tank
Assault Grenadier Squad
Panzer III L Medium Tank
Assault Grenadier Squad
Honey
khj
LX
卡卡
오렌지플래닛
PudinВеликий вождь
CTRAP IKUN
Microsoft Word
0
0

Comments sign in to comment!

No comments posted yet!